 Dungeon Crawl Stone Soup version 0.31-a0-702-gf82c85558f (webtiles) character file.

Game seed: 10578761956453328000

427 dcssisdead the Shooter (level 6, -10/37 HPs)
             Began as a Deep Elf Hunter on Sept 8, 2023.
             Was a Follower of Uskayaw.
             Shot with an arrow by a centaur (13 damage)
             ... on level 5 of the Dungeon.
             The game lasted 00:08:45 (4355 turns).

dcssisdead the Shooter (Deep Elf Hunter)            Turns: 4355, Time: 00:08:46

Health: -10/37     AC:  4    Str:  8    XL:     6   Next: 65%
Magic:  9/9        EV: 14    Int: 14    God:    Uskayaw [*.....]
Gold:   189        SH:  0    Dex: 20    Spells: 5/5 levels left

rFire   . . .        a - +0 shortbow (drain)
rCold   . . .        (shield currently unavailable)
rNeg    . . .        o - +0 animal skin
rPois   .            n - +0 helmet
rElec   .            (no cloak)
rCorr   .            x - +0 pair of gloves
SInv    .            (no boots)
Will    .....        C - amulet of magic regeneration
Stlth   +++          s - ring of flight
HPRegen 0.26/turn    (no ring)
MPRegen 0.51/turn

%: no passive effects
@: flying
A: no striking features
a: Renounce Religion, Stomp


You were on level 5 of the Dungeon.
You worshipped Uskayaw.
Uskayaw was noncommittal.
You visited 2 branches of the dungeon, and saw 6 of its levels.

You collected 189 gold pieces.

Inventory:

Hand Weapons
 a - a +0 shortbow of draining (weapon)
 b - a +0 whip of venom
 v - a +3 short sword of holy wrath
Missiles
 t - 3 poisoned darts
 y - 5 curare-tipped darts
Armour
 k - a +0 pair of gloves
 n - a +0 helmet (worn)
 o - a +0 animal skin (worn)
 x - a +0 pair of gloves (worn)
Jewellery
 s - a ring of flight (left hand)
 B - a ring of fire
 C - an amulet of magic regeneration (around neck)
Wands
 m - a wand of flame (17)
 r - a wand of digging (6)
Scrolls
 e - 3 scrolls of noise {unknown}
 f - a scroll of butterflies
 g - 2 scrolls of brand weapon
 h - 3 scrolls of teleportation
 i - a scroll of revelation
 j - a scroll of poison
 l - 5 scrolls of identify {unknown}
 q - a scroll of vulnerability {unknown}
 u - a scroll of blinking {unknown}
 D - a scroll of enchant weapon {unknown}
 E - a scroll of silence {unknown}
Potions
 c - a potion of might {unknown}
 d - 2 potions of curing {unknown}
 p - 2 potions of haste {unknown}
 w - a potion of ambrosia {unknown}
 z - a potion of magic {unknown}
 A - a potion of heal wounds {unknown}


   Skills:
 + Level 3.0 Fighting
 * Level 7.7 Ranged Weapons
 + Level 4.3 Dodging
 + Level 3.9 Stealth
 * Level 1.3 Invocations


You had 5 spell levels left.
You didn't know any spells.
Your spell library contained the following spells:

 Spells                   Type           Power      Damage    Failure   Level
 Sublimation of Blood     Necr           0%         N/A       41%         2
 Petrify                  Tmut/Erth      0%         N/A       96%         4
 Irradiate                Conj/Tmut      0%         3d11      100%        5


Dungeon Overview and Level Annotations

Branches:
Dungeon (5/15)             Temple (1/1) D:5

Altars:
Ashenzari
Cheibriados
Elyvilon
Gozag
Hepliaklqana
Makhleb
Nemelex Xobeh
Qazlal
Ru
Uskayaw
Vehumet
Xom
Yredelemnul
Zin
The Shining One

Shops:
D:4 (

Annotations:
D:5 exclusion: phantom


Message History

You kill the adder!
No target in view!
l - 5 scrolls labelled ORAZOPN NIALL (gained 1)
E - a scroll labelled UHEUCY ZONIHAS A scorpion and a centaur come into view.
Okay, then.
You shoot an arrow. The arrow hits the scorpion.
You drain the scorpion.
The scorpion is moderately wounded.
Your +0 whip of venom begins to drip with poison!
b - a +0 whip of venom (weapon)
You hit the scorpion but do no damage.
The scorpion is poisoned.
The scorpion is moderately wounded.
The scorpion stings you. The scorpion closely misses you.
You hit the scorpion but do no damage.
The scorpion is severely wounded.
The scorpion barely misses you.
You hit the scorpion but do no damage.
The scorpion looks as sick as possible!
The scorpion is severely wounded.
You kill the scorpion!
Your Fighting skill increases to level 3!
Your Invocations skill increases to level 1!
Your +0 whip of venom stops dripping with poison.
You sense an unholy aura.
a - a +0 shortbow of draining (weapon)
You shoot an arrow. The arrow hits the centaur.
The centaur shouts!
The centaur is lightly wounded.
The centaur wields a +0 shortbow.
The centaur shoots an arrow.
The arrow hits you!
You shoot an arrow. The arrow barely misses the centaur.
The centaur shoots an arrow.
The arrow hits you!
You shoot an arrow. The arrow closely misses the centaur.
The centaur shoots an arrow.
The arrow hits you!
* * * LOW HITPOINT WARNING * * *
You are too injured to fight recklessly!
The centaur shoots an arrow.
The arrow hits you!
* * * LOW HITPOINT WARNING * * *
The centaur shoots an arrow.
The arrow misses you.
The centaur shoots an arrow.
The arrow hits you!
You die...

... ... ## #.. ####.#
####... ###..
....##.c..... #....
#.....s....## #.#..
##.#.# .....###.#..
#....#.##...........
##..##.##...........
#..@<...............
###.###.........†...
####.####.....(......
#....#............†..
##.....##...###..##..
#....##....# #..####
#....##.#..# #..#
#.......#..# #..# #
##......#..# #.## #


You could see a centaur.

Vanquished Creatures
  A scorpion (D:5)
  A howler monkey (D:4)
  2 hounds
  A jelly (D:5)
  2 iguanas
  Terence (D:2)
  Robin (D:1)
  4 gnolls (D:3)
  2 adders (D:5)
  A shadow imp (D:5)
  A worm (D:3)
  2 dart slugs
  5 orcs
  6 bats
  7 endoplasms
  3 giant cockroaches
  13 goblins
  7 hobgoblins
  4 jackals (D:4)
  A quokka (D:2)
  4 ball pythons
  3 kobolds
  2 rats (D:2)
74 creatures vanquished.

Notes
Turn   | Place    | Note
-------+----------+-------------------------------------------
     0 | D:1      | dcssisdead the Deep Elf Hunter began the quest for the Orb.
     0 | D:1      | Reached XP level 1. HP: 12/12 MP: 3/3
   574 | D:1      | Reached XP level 2. HP: 17/17 MP: 4/4
   847 | D:2      | Noticed Terence
   977 | D:2      | Noticed Robin
  1036 | D:1      | Killed Robin
  1037 | D:1      | Reached XP level 3. HP: 14/21 MP: 5/5
  1325 | D:2      | Killed Terence
  1326 | D:2      | Reached skill level 6 in Ranged Weapons
  1351 | D:2      | Reached XP level 4. HP: 18/26 MP: 6/6
  2137 | D:3      | Found a faded altar of an unknown god.
  2988 | D:3      | Reached XP level 5. HP: 31/31 MP: 7/7
  3533 | D:4      | Found a snail-covered altar of Cheibriados.
  3539 | D:4      | Reached skill level 7 in Ranged Weapons
  3550 | D:4      | Found Xuch's Weapon Boutique.
  3860 | D:4      | Found a sparkling altar of Nemelex Xobeh.
  4097 | D:5      | Entered Level 5 of the Dungeon
  4098 | D:5      | Noticed a phantom
  4112 | D:5      | Reached XP level 6. HP: 36/36 MP: 8/8
  4193 | D:5      | Found a staircase to the Ecumenical Temple.
  4198 | Temple   | Entered the Ecumenical Temple
  4220 | Temple   | Became a worshipper of Uskayaw the Reveller
  4257 | D:5      | Reached * piety under Uskayaw
  4282 | D:5      | Reached ** piety under Uskayaw
  4348 | D:5      | Reached skill level 1 in Invocations
  4355 | D:5      | Shot with an arrow by a centaur

Illustrated notes

Levels and vault maps discovered:
D:1:      dpeg_arrival_simpleton_a, layout_basic
D:2:      layout_loops_ring, uniq_terence, uniq_robin
D:3:      layout_basic, ebering_ecumenical_altar_rust, hex_medium
D:4:      layout_loops_corners, lemuel_tele_altar, kennysheep_little_box,
          serial_shops, shop
D:5:      minmay_clustersquares, layout_rooms, temple_doors_e
Temple:   nicolae_temple_figure_eight

Skill      XL: |  1  2  3  4  5  6 |
---------------+-------------------+-----
Stealth        | 2 3 |  3.9
Fighting       | 2 3 |  3.0
Dodging        | 3 4 |  4.3
Ranged Weapons | 6 7 |  7.7
Invocations    | 1 |  1.3

Action                     |  1- 3 |  4- 6 || total
---------------------------+-------+-------++-------
  Melee: Whip              |       |     7 ||     7
   Fire: Shortbow          |    85 |   138 ||   223
         Sling             |     3 |       ||     3
    Use: Scroll            |     1 |     3 ||     4
 Armour: Leather armour    |    11 |       ||    11
         Animal skin       |    12 |    23 ||    35
  Dodge: Dodged            |    33 |    33 ||    66

Table legend: (Time is in decaauts)
 A = Elapsed time spent in this place.
 B = Non-inter-level travel time spent in this place.
 C = Inter-level travel time spent in this place.
 D = Time resting spent in this place.
 E = Time spent auto-exploring this place.
 F = Levels seen in this place.
 G = Mean time per level.
                   A        B        C        D        E       F      G
               +--------+--------+--------+--------+--------+-----+--------+
         Total |   4380 |   3856 |    524 |    353 |   2731 |   6 |  730.0 |
       Dungeon |   4337 |   3853 |    484 |    353 |   2731 |   5 |  867.4 |
        Temple |     42 |      2 |     40 |      0 |      0 |   1 |   42.0 |
               +--------+--------+--------+--------+--------+-----+--------+

Top non-repeatable levels by time:
     D:3: 1294 daAuts
     D:1: 1118 daAuts
     D:4: 956 daAuts
     D:2: 756 daAuts
     D:5: 212 daAuts
  Temple: 42 daAuts
